 Dungeon Crawl Stone Soup version 0.32-a0-407-g4da7c8d6d1 (webtiles) character file.

Game seed: 13130385944018606087

103773 tilp the Unseen (level 15, -2/130 HPs)
             Began as a Vampire Enchanter on Feb 19, 2024.
             Was the Champion of Wu Jian.
             Slain by a six-headed hydra (7 damage)
             ... on level 1 of the Swamp on Feb 20, 2024.
             The game lasted 00:49:45 (24194 turns).

tilp the Unseen (Vampire Enchanter)                Turns: 24194, Time: 00:49:45

Health: -2/130     AC: 17    Str:  7    XL:     15   Next: 90%
Magic:  33/35      EV: 14    Int: 28    God:    Wu Jian [******]
Gold:   707        SH:  5    Dex: 18    Spells: 6/29 levels left

rFire   . . .        b - +2 broad axe (flame)
rCold   . . .        d - +1 buckler
rNeg    . . .        w - +0 swamp dragon scales
rPois   +            K - +2 helmet {Int+3}
rElec   .            B - +2 cloak {rCorr}
rCorr   +            f - +0 pair of fencer's gloves {Riposte Dex+3}
SInv    +            N - +2 pair of boots {rampage}
Will    ++...        v - amulet of regeneration
Stlth   ++++++       g - ring of Agnosticism {Will+ MP+9}
HPRegen 1.41/turn    r - ring of flight
MPRegen 0.24/turn

%: rampage
@: flying, healing quickly
A: alive, fangs 3, see invisible, vampiric 2
a: Exsanguinate, Renounce Religion, Wall Jump, Serpent's Lash, Heavenly Storm


You were on level 1 of the Swamp.
You worshipped Wu Jian.
Wu Jian was exalted by your worship.
You visited 5 branches of the dungeon, and saw 24 of its levels.
You also visited: Sewer and Volcano.

You collected 2121 gold pieces.
You spent 1414 gold pieces at shops.

Inventory:

Hand Weapons
 a - a +7 dagger of electrocution
 b - a +2 broad axe of flaming (weapon)
Missiles
 e - a curare-tipped dart {!f}
 s - 40 poisoned darts (quivered)
 u - 24 boomerangs
 L - 14 javelins
 R - 7 throwing nets {!f}
Armour
 d - a +1 buckler (worn)
 f - the +0 pair of fencer's gloves (worn) {Riposte Dex+3}
   (You found it on level 1 of the Orcish Mines)

   Riposte:   It allows the wearer to riposte with melee weapons, swiftly
   retaliating against missed or blocked melee attacks.
   Dex+3:     It affects your dexterity (+3).
 q - a scarf of resistance
 w - +0 swamp dragon scales (worn)
 B - a +2 cloak of preservation (worn)
 H - a +3 scale mail of fire resistance
 K - a +2 helmet of intelligence (worn)
 N - a +2 pair of boots of rampaging (worn)
 S - the +5 moon troll leather armour {Spirit, Regen++ MP+5}
   (You found it on level 5 of the Lair of Beasts)

   MP+5:      It affects your magic capacity (+5).
   Regen++:   It increases your rate of health regeneration.
 Z - +0 steam dragon scales
Jewellery
 g - the ring of Agnosticism (left hand) {Will+ MP+9}
   (You acquired it on level 2 of the Dungeon)

   [ring of magical power]

   Will+:     It increases your willpower.
   MP+9:      It affects your magic capacity (+9).
 r - a ring of flight (right hand)
 v - an amulet of regeneration (around neck)
 I - a +4 ring of protection
 W - a ring of protection from cold
Wands
 j - a wand of mindburst (15)
 C - a wand of digging (4)
 F - a wand of flame (31)
 J - a wand of roots (19)
 M - a wand of light (31)
 O - a wand of paralysis (25)
 Y - a wand of polymorph (7)
Scrolls
 i - 3 scrolls of fog
 l - 2 scrolls of silence
 o - 4 scrolls of teleportation
 y - a scroll of revelation
 D - 5 scrolls of poison
 P - a scroll of vulnerability
 Q - a scroll of fear
 U - a scroll of summoning
 V - 3 scrolls of blinking
 X - 3 scrolls of identify
Potions
 c - 3 potions of invisibility
 h - 8 potions of resistance
 k - 4 potions of heal wounds
 m - a potion of haste
 n - 2 potions of cancellation
 p - 3 potions of ambrosia
 t - 6 potions of curing
 x - 4 potions of magic
 z - 5 potions of lignification
 A - a potion of attraction
 E - 2 potions of mutation
 G - 3 potions of enlightenment
Miscellaneous
 T - a phial of floods


   Skills:
 * Level 15.6 Fighting
 - Level 10.0 Short Blades
 + Level 3.6 Throwing
 + Level 12.6 Dodging
 + Level 15.9 Stealth
 + Level 7.7 Spellcasting
 - Level 4.0 Conjurations
 + Level 13.0 Hexes
 - Level 2.0 Ice Magic
 - Level 6.0 Alchemy
 + Level 5.2 Evocations


You had 6 spell levels left.
You knew the following spells:

 Your Spells              Type           Power      Damage    Failure   Level
a - Ensorcelled Hibernat  Hex/Ice        100%       N/A       2%          2
b - Confusing Touch       Hex            70%        N/A       1%          3
c - Tukima's Dance        Hex            70%        N/A       1%          3
d - Dazzling Flash        Conj/Hex       100%       N/A       2%          3
e - Yara's Violent Unrav  Hex/Alch       29%        3d12      17%         5
f - Enfeeble              Hex            35%        N/A       77%         7

Your spell library contained the following spells:

 Spells                   Type           Power      Damage    Failure   Level
 Jinxbite                 Hex            100%       N/A       1%          2
 Sigil of Binding         Hex            70%        N/A       1%          3
 Sting                    Conj/Alch      100%       1d9       4%          1
 Mercury Vapours          Alch/Air       54%        N/A       14%         2
 Static Discharge         Conj/Air       44%        3-5/arc   21%         2
 Dimensional Bullseye     Hex/Tloc       23%        N/A       22%         4
 Olgreb's Toxic Radiance  Alch           44%        N/A       26%         4
 Apportation              Tloc           20%        N/A       30%         1
 Necrotise                Necr           40%        1d6       30%         1
 Summon Small Mammal      Summ           40%        N/A       30%         1
 Fulminant Prism          Conj/Alch      19%        3d11      36%         4
 Lesser Beckoning         Tloc           20%        N/A       43%         2
 Silence                  Hex/Air        23%        N/A       52%         5
 Call Canine Familiar     Summ           10%        N/A       67%         3
 Gell's Gravitas          Tloc           10%        N/A       67%         3
 Teleport Other           Tloc           10%        N/A       67%         3
 Passage of Golubria      Tloc           10%        N/A       97%         4
 Summon Blazeheart Golem  Fire/Summ      10%        N/A       97%         4
 Sculpt Simulacrum        Ice/Alch       16%        N/A       100%        6
 Ozocubu's Refrigeration  Ice            11%        4d9       100%        7
 Lehudib's Crystal Spear  Conj/Erth      11%        10d4      100%        8
 Chain Lightning          Conj/Air       11%        3d14      100%        9
 Polar Vortex             Ice            11%        12d1*     100%        9


Dungeon Overview and Level Annotations

Branches:
Dungeon (15/15)            Temple (1/1) D:5            Lair (5/5) D:9
  Swamp (1/4) Lair:2       Spider (0/4) Lair:3        Slime (0/5) Lair:5
    Orc (2/2) D:11            Elf (0/3) Orc:2        Vaults (0/5) D:13
 Depths (0/4) D:15          Sewer (visited)         Volcano (visited)

Altars:
Ashenzari
Cheibriados
Dithmenos
Fedhas
Gozag
Hepliaklqana
Kikubaaqudgha
Makhleb
Nemelex Xobeh
Okawaru
Qazlal
Ru
Sif Muna
Trog
Uskayaw
Vehumet
Wu Jian
Xom
Yredelemnul
Beogh
Jiyva

Shops:
D:3 [   D:10 ?   D:15 !   Orc:2 ([*=

Annotations:
D:14 3 runed translucent doors, Poteig's ghost, journeyman DrCj
Lair:3 3 runed translucent doors, Jemiumer's ghost, adept OpCA; Pinugh's ghost, journeyman GnHu; Tutoepidd's ghost, journeyman DrFE


Innate Abilities, Weirdness & Mutations

Your natural rate of healing is accelerated.
You have razor-sharp teeth.
You have supernaturally acute eyesight. (SInv)
You are afflicted with vampirism and can become a bat while bloodless.


Message History

The six-headed hydra bites you but does no damage.
The six-headed hydra bites you.
The six-headed hydra bites you but does no damage.
The bunyip closely misses you. You block the bunyip's attack.
The bunyip claws you!
The six-headed hydra completely misses you.
The six-headed hydra bites you but does no damage. x2
The six-headed hydra bites you!
* * * LOW HITPOINT WARNING * * *
The six-headed hydra barely misses you. x2
Unknown command.
Unknown command.
You barely miss the six-headed hydra.
The six-headed hydra is heavily wounded.
You completely miss the bunyip. The six-headed hydra barely misses you.
The six-headed hydra closely misses you.
The six-headed hydra bites you.
* * * LOW HITPOINT WARNING * * *
The six-headed hydra bites you!
* * * LOW HITPOINT WARNING * * *
The six-headed hydra bites you!
* * * LOW HITPOINT WARNING * * *
The six-headed hydra barely misses you.
Unknown command.
Unknown command.
Unknown command.
Unknown command.
You completely miss the six-headed hydra.
You bite the six-headed hydra.
The six-headed hydra is heavily wounded.
You hit the bunyip but do no damage. You block the bunyip's attack.
You riposte.
You barely miss the bunyip. Your bite misses the bunyip.
The bunyip is lightly wounded.
You barely miss the six-headed hydra. You block the bunyip's attack.
The bunyip claws you!!
* * * LOW HITPOINT WARNING * * *
The six-headed hydra bites you but does no damage.
The six-headed hydra completely misses you.
The six-headed hydra barely misses you. x3; The six-headed hydra bites you!
You die...

..~~~♣♣♣♣♣~♣
~♣.~~~.♣.~~~♣♣
♣~.~~~.♣.§~~<♣
♣~.......~~~.♣ .
♣.........§♣......
.~♣♣.~~~~~~.♣~~~~.~§
.....~§~~§~....~~.~~
~~~~~~D~./.....~~~~~
.~~~~~x@..~♣.....~~.
..~~~~~~.♣♣.~~~....♣
♣.......~♣ .~~~...♣
♣....♣♣♣♣. ..~~..♣
♣♣♣.. .§~..~♣♣♣ ♣~
...~♣♣♣ ♣ ~♣♣♣


You could see a bunyip and a six-headed hydra.

Vanquished Creatures
  A stone giant (Orc:1)
  An ettin (Orc:1)
  A yaktaur captain (D:15)
  3 vault guards (D:13)
  A fire dragon (D:14)
  3 hydras
  Harold (Orc:1)
  A catoblepas (D:15)
  4 ogre magi (Orc:2)
  A death knight (D:14)
  A boulder beetle (D:13)
  4 centaur warriors
  19 two-headed ogres
  Urug (Lair:1)
  A tengu warrior (D:15)
  An orc high priest (Orc:1)
  A hell knight (Volcano)
  Amaemon (Lair:2)
  3 skeletal warriors (D:15)
  5 skysharks (Lair:5)
  The ghost of Torious the Nimble, a novice DECj of Sif Muna (D:8)
  A goliath frog (Lair:5)
  A lindwurm (Lair:4)
  3 bog bodies (Lair:2)
  2 necromancers (D:13)
  2 arcanists
  2 orc knights
  3 manticores
  3 ugly things
  3 orc sorcerers (Orc:1)
  5 cyclopes
  14 elephants
  A kobold blastminer (Orc:1)
  A meliai (Lair:3)
  5 black mambas
  Joseph (D:8)
  3 gargoyles
  An orange demon (Lair:2)
  26 cane toads
  Maggie (Lair:1)
  An unseen horror (D:12)
  A rime drake (Lair:4)
  10 komodo dragons
  5 polar bears
  6 trolls
  Prince Ribbit (D:8)
  2 raiju (D:14)
  30 blink frogs
  A raiju (shapeshifter) (D:15)
  4 dream sheep (Lair:3)
  25 slime creatures
  An air elemental (D:14)
  6 wyverns
  5 shadows
  2 wraiths
  40 yaks
  6 basilisks
  18 humans (D:13)
  A steam dragon (Lair:2)
  A human (shapeshifter) (D:15)
  6 wargs
  10 vampire mosquitoes
  Menkaure (D:4)
  An acid dragon (D:8)
  18 water moccasins
  21 orc warriors
  5 black bears
  2 laughing skulls (D:15)
  8 wolves (Lair:1)
  29 ogres
  3 boggarts (D:15)
  8 centaurs
  3 kobold brigands
  A brain worm (Sewer)
  24 bullfrogs
  A gnoll sergeant (D:10)
  4 scorpions
  A wight (D:8)
  12 killer bees
  A howler monkey (D:8)
  3 electric eels
  3 bombardier beetles
  Crazy Yiuf (D:4)
  2 gnoll boudas
  12 jellies (Lair:5)
  16 orc priests
  5 hounds
  Jessica (D:2)
  A sleepcap (D:6)
  4 iguanas
  18 orc wizards
  14 gnolls
  13 adders
  A shadow imp (D:7)
  2 ufetubi (D:5)
  2 dart slugs
  2 ribbon worms (D:2)
  56 orcs
  9 ball pythons
  13 endoplasms
  6 giant cockroaches
  5 hobgoblins
  A jackal (shapeshifter) (D:15)
  4 jackals
  9 quokkas
  16 bats
  6 frilled lizards
  13 goblins
  31 kobolds
  14 rats
741 creatures vanquished.

Vanquished Creatures (collateral kills)
  An orc warlord (Orc:1)
  4 wights (D:6)
5 creatures vanquished.

Vanquished Creatures (others)
  A deep troll earth mage (D:15)
  2 dancing weapons
  A blink frog (Lair:4)
  An orc (Orc:1)
5 creatures vanquished.

Grand Total: 751 creatures vanquished

Notes
Turn   | Place    | Note
-------+----------+-------------------------------------------
     0 | D:1      | tilp the Vampire Enchanter began the quest for the Orb.
     0 | D:1      | Reached XP level 1. HP: 13/13 MP: 3/3
   135 | D:1      | Reached XP level 2. HP: 20/20 MP: 5/5
   141 | D:1      | Learned a level 2 spell: Ensorcelled Hibernation
   338 | D:1      | Gained mutation: You are afflicted with vampirism and can
                  | become a bat while bloodless. [Vampire growth]
   338 | D:1      | Reached XP level 3. HP: 25/25 MP: 1/6
   342 | D:1      | Learned a level 3 spell: Confusing Touch
   515 | D:1      | Reached skill level 1 in Fighting
  1083 | D:2      | Reached XP level 4. HP: 32/32 MP: 7/7
  1097 | D:2      | Identified a scroll of acquirement
  1097 | D:2      | Acquired the ring of Agnosticism {Will+ MP+9}
  1108 | D:2      | Reached skill level 5 in Stealth
  1420 | D:2      | Reached skill level 1 in Ice Magic
  1563 | D:2      | Noticed Jessica
  1573 | D:2      | Reached XP level 5. HP: 28/38 MP: 8/8
  1575 | D:2      | Killed Jessica
  1576 | D:2      | Reached skill level 5 in Hexes
  2115 | D:3      | Found a glowing drain.
  2140 | Sewer    | Entered a sewer
  2174 | Sewer    | Reached XP level 6. HP: 32/45 MP: 9/9
  2722 | D:3      | Found Wistrempi's Armour Shop.
  3060 | D:4      | Learned a level 3 spell: Tukima's Dance
  3258 | D:4      | Reached XP level 7. HP: 51/51 MP: 11/11
  3389 | D:4      | Noticed Menkaure
  3400 | D:4      | Killed Menkaure
  3618 | D:4      | Found a runed translucent door.
  3619 | D:4      | Noticed Crazy Yiuf
  3993 | D:4      | Killed Crazy Yiuf
  4031 | D:5      | Entered Level 5 of the Dungeon
  4187 | D:5      | Found a staircase to the Ecumenical Temple.
  4193 | Temple   | Entered the Ecumenical Temple
  4225 | Temple   | Became a worshipper of the Wu Jian Council
  4436 | D:5      | Reached XP level 8. HP: 60/60 MP: 12/12
  4805 | D:5      | Identified the +1 ring mail of Focus {rElec}
  5051 | D:6      | Reached skill level 5 in Short Blades
  5431 | D:3      | Bought a +2 helmet of intelligence for 258 gold pieces
  5683 | D:6      | Reached skill level 1 in Evocations
  5730 | D:6      | Acquired a +2 pair of boots of rampaging
  5770 | D:6      | Found a shimmering altar of Xom.
  5817 | D:6      | Reached skill level 5 in Dodging
  5924 | D:6      | Reached skill level 5 in Fighting
  5924 | D:6      | Reached XP level 9. HP: 68/68 MP: 15/15
  6055 | D:7      | Reached * piety under Wu Jian
  6251 | D:7      | Learned a level 3 spell: Dazzling Flash
  6334 | D:7      | Learned a level 5 spell: Yara's Violent Unravelling
  6798 | D:8      | Noticed Joseph
  6805 | D:8      | Killed Joseph
  6806 | D:8      | Reached skill level 1 in Conjurations
  6806 | D:8      | Reached skill level 1 in Alchemy
  6892 | D:8      | Noticed Prince Ribbit
  6905 | D:8      | Killed Prince Ribbit
  6964 | D:8      | Reached XP level 10. HP: 58/76 MP: 17/17
  7498 | D:8      | Found a runed translucent gate.
  7499 | D:8      | Found a runed translucent gate.
  7504 | D:8      | Found a runed translucent gate.
  7506 | D:8      | Noticed Torious's ghost (novice DECj)
  7602 | D:8      | Reached ** piety under Wu Jian
  7851 | D:9      | Noticed an elephant
  7936 | D:9      | Reached skill level 5 in Spellcasting
  7949 | D:9      | Killed an elephant
  8197 | D:9      | Found a staircase to the Lair.
  8626 | D:10     | Entered Level 10 of the Dungeon
  8684 | D:10     | Found Carakk's Magic Scroll Shoppe.
  8755 | D:10     | Bought a scroll of enchant weapon for 82 gold pieces
  8755 | D:10     | Bought a scroll of enchant armour for 82 gold pieces
  8812 | D:10     | Reached skill level 10 in Stealth
  8842 | D:10     | Reached *** piety under Wu Jian
  8843 | D:10     | Reached XP level 11. HP: 65/86 MP: 12/18
  9468 | D:11     | Identified the +1 robe of Integrity {*Corrode Int+6}
  9615 | D:11     | Noticed a purple ugly thing
  9619 | D:11     | Killed a purple ugly thing
  9620 | D:11     | Reached skill level 10 in Short Blades
  9874 | D:11     | Noticed a cyan ugly thing
  9879 | D:11     | Killed a cyan ugly thing
  9905 | D:11     | Found a staircase to the Orcish Mines.
 10002 | D:11     | Noticed a two-headed ogre
 10007 | D:11     | Killed a two-headed ogre
 10008 | D:11     | Reached skill level 1 in Throwing
 10233 | D:10     | Bought a scroll of summoning for 104 gold pieces
 10344 | Lair:1   | Entered Level 1 of the Lair of Beasts
 10344 | Lair:1   | Noticed Maggie
 10346 | Lair:1   | Killed Maggie
 10354 | Lair:1   | Noticed Urug
 10360 | Lair:1   | Killed Urug
 10596 | Lair:1   | Found a runed translucent door.
 10598 | Lair:1   | Found a runed translucent door.
 10863 | Lair:1   | Reached **** piety under Wu Jian
 10879 | Lair:1   | Reached skill level 5 in Alchemy
 11369 | Lair:2   | Reached XP level 12. HP: 68/94 MP: 14/20
 11442 | Lair:2   | Found a dark tunnel.
 11504 | Volcano  | Entered a volcano
 11519 | Volcano  | Noticed a centaur warrior
 11522 | Volcano  | Found a burning altar of Makhleb.
 11645 | Volcano  | Killed a centaur warrior
 11818 | Lair:2   | Noticed Amaemon
 11834 | Lair:2   | Killed Amaemon
 12215 | Lair:2   | Found a staircase to the Swamp.
 12251 | Lair:2   | Reached skill level 10 in Hexes
 12745 | Lair:3   | Reached skill level 10 in Fighting
 12756 | Lair:3   | Reached ***** piety under Wu Jian
 12867 | Lair:3   | Found a runed translucent gate.
 12867 | Lair:3   | Found a runed translucent gate.
 12867 | Lair:3   | Found a runed translucent gate.
 13045 | Lair:3   | Found a hole to the Spider Nest.
 13195 | Lair:3   | Reached XP level 13. HP: 104/104 MP: 23/23
 13493 | Lair:3   | Noticed Tutoepidd's ghost (journeyman DrFE)
 13494 | Lair:3   | Noticed Jemiumer's ghost (adept OpCA)
 13494 | Lair:3   | Noticed Pinugh's ghost (journeyman GnHu)
 13819 | Lair:3   | Learned a level 7 spell: Enfeeble
 14670 | Lair:4   | Got Leakkeel's Monograph on Decantation and Electricity
 15043 | Lair:5   | Entered Level 5 of the Lair of Beasts
 15190 | Lair:5   | Reached skill level 10 in Dodging
 15245 | Lair:5   | Reached ****** piety under Wu Jian
 15698 | Lair:5   | Reached XP level 14. HP: 116/116 MP: 24/24
 16077 | Lair:5   | Found a staircase to the Slime Pits.
 16217 | Lair:5   | Found the +5 moon troll leather armour {Spirit, Regen++
                  | MP+5}
 16916 | D:8      | Killed Torious's ghost
 17160 | Orc:1    | Entered Level 1 of the Orcish Mines
 17346 | Orc:1    | Found a transporter.
 17380 | Orc:1    | Noticed a stone giant
 17419 | Orc:1    | Found the +0 pair of fencer's gloves {Riposte Dex+3}
 17436 | Orc:1    | Noticed Harold
 17442 | Orc:1    | Killed Harold
 17821 | Orc:1    | Found a roughly hewn altar of Beogh.
 17821 | Orc:1    | Found a transporter.
 17838 | Orc:1    | Killed a stone giant
 17843 | Orc:1    | HP: 1/118 [two-headed ogre/+0 giant club (24)]
 18105 | Orc:2    | Entered Level 2 of the Orcish Mines
 18161 | Orc:2    | Noticed an orc warlord
 18189 | Orc:1    | Killed an orc warlord
 18315 | Orc:1    | HP: 3/119 [two-headed ogre/+0 giant spiked club (16)]
 18569 | Orc:2    | Reached skill level 15 in Stealth
 18636 | Orc:2    | Reached XP level 15. HP: 110/127 MP: 8/25
 18791 | Orc:2    | Found Niti's Weapon Shop.
 18797 | Orc:2    | Found a staircase to the Elven Halls.
 19001 | Orc:2    | Found Waulir's Armour Shop.
 19001 | Orc:2    | Found Jytion's Assorted Antiques.
 19002 | Orc:2    | Found Ugoddu's Jewellery Shoppe.
 19002 | Orc:2    | Found Gett's Book Boutique.
 19301 | Orc:2    | Bought a scroll of blinking for 232 gold pieces
 19301 | Orc:2    | Bought a potion of heal wounds for 155 gold pieces
 19492 | D:12     | Reached skill level 15 in Fighting
 19862 | D:12     | Identified the +3 leather armour of Lehorem {Harm rN+ Str-3
                  | Dex+6}
 20367 | D:13     | Found a gate to the Vaults.
 21230 | D:14     | Found a runed translucent gate.
 21230 | D:14     | Found a runed translucent gate.
 21230 | D:14     | Found a runed translucent gate.
 21230 | D:14     | Noticed a rockslime
 21231 | D:14     | Noticed Poteig's ghost (journeyman DrCj)
 22087 | D:14     | Found a viscous altar of Jiyva.
 22114 | D:15     | Entered Level 15 of the Dungeon
 22337 | D:15     | Found Seneligu's Distillery.
 22345 | D:15     | Bought a potion of degeneration for 15 gold pieces
 22576 | D:15     | Reached skill level 5 in Evocations
 23202 | D:15     | Found a staircase to the Depths.
 23797 | D:15     | Bought a potion of magic for 120 gold pieces
 23797 | D:15     | Bought a potion of curing for 45 gold pieces
 23797 | D:15     | Bought a potion of curing for 45 gold pieces
 23797 | D:15     | Bought a potion of resistance for 150 gold pieces
 23935 | D:10     | Bought a scroll of revelation for 82 gold pieces
 23935 | D:10     | Bought a scroll of fog for 44 gold pieces
 23935 | D:10     | Upgraded the game from 0.32-a0-391-gce5c0aab1b to
                  | 0.32-a0-407-g4da7c8d6d1
 24046 | Swamp:1  | Entered Level 1 of the Swamp
 24194 | Swamp:1  | HP: 5/130 [bunyip (20)]
 24194 | Swamp:1  | Slain by a six-headed hydra

Illustrated notes

Levels and vault maps discovered:
D:1:      doesnt_arrival_eight_statues, layout_basic,
          minmay_misc_feat_nine_boxes, minmay_pentomino_s2
D:2:      minmay_inner_zag, layout_rooms, minmay_joined_circles, uniq_jessica
D:3:      layout_rooms, serial_shops, nicolae_shop_trees, portal_sewer_entry_a,
          minmay_misc_feat_iff
D:4:      minmay_door_path, layout_basic, uniq_crazy_yiuf_cottage, uniq_menkaure
D:5:      layout_cave_pods, temple_green, serial_bayou_ford_a
D:6:      black_bear_nest_1, layout_cave_pools, mainiacjoe_overflow_paths,
          nicolae_wand_duel, feat_on_display
D:7:      layout_loops_ring
D:8:      layout_layer_cave, gammafunk_ghost_spectres, minmay_diced_spiral,
          uniq_prince_ribbit1, uniq_joseph
D:9:      layout_big_octagon, david_lair_generic
D:10:     layout_basic, serial_shops, shop_scrolls, serial_park_tiny_pond
D:11:     layout_basic, erik_orc_2
D:12:     layout_loops_ring, serial_glass, glass_columns_b, glass_columns_b,
          glass_columns_b, glass_columns_a
D:13:     layout_irregular_city, grunt_vaults_entry_tiered
D:14:     layout_stronghold, gammafunk_ghost_ooze, dreamdust_princess_bridge,
          serial_park_tiny_1, hex_medium, hellmonk_talismancer
D:15:     hellmonk_depths_entry_around_the_bend, layout_layer_cave,
          minmay_hedge_maze, serial_shops, nicolae_shop_industrial_runoff,
          hive_lemuel
Temple:   minmay_crystal_snake_temple
Lair:1:   layout_cellular_growth, infiniplex_staircase_pool_2,
          lemuel_fruit_fields, uniq_maggie, uniq_urug
Lair:2:   layout_chaotic_city, nicolae_swamp_entry_splash_gauntlet,
          enter_volcano_1, grunt_megastairs_4, uniq_amaemon
Lair:3:   layout_regular_city, hellmonk_spider_entry_not_the_bees,
          gammafunk_ghost_cemetery, serial_bayou_shore_a
Lair:4:   cheibrodos_lair_river_kwai, layout_loops_ring, serial_rivers,
          chequers_serial_rivers_micro_d, chequers_serial_rivers_micro_a,
          chequers_serial_rivers_small_b, chequers_serial_rivers_micro_b
Lair:5:   minmay_lair_end_frog_pond, layout_small_grid,
          minmay_slime_entry_jelly_boxes, chequers_serial_rivers_large_a,
          cheibrodos_lair_lostbears
Swamp:1:  layout_basic_swamp, evilmike_swamp_ruin_house_4
Orc:1:    gammafunk_beogh_shrine, layout_diamond_mine,
          nicolae_orc_crystal_geode, uniq_harold
Orc:2:    st_orc_ogre_mass, layout_caves, serial_shops,
          nicolae_shop_tiny_statue_garden

Skill      XL: |  1  2  3  4  5  6  7  8  9 10 11 12 13 14 15 |
---------------+----------------------------------------------+-----
Fighting       | 1 2 3 5 6 7 8 10 12 14 15 | 15.6
Short Blades   | 2 3 4 6 7 9 10 | 10.0
Stealth        | 5 6 7 8 10 11 12 15 | 15.9
Ice Magic      | 1 2 |  2.0
Hexes          | 5 6 7 8 9 10 12 13 | 13.0
Dodging        | 3 4 5 6 8 10 12 | 12.6
Spellcasting   | 3 4 5 6 7 |  7.7
Evocations     | 1 2 3 4 5 |  5.2
Conjurations   | 1 2 3 4 |  4.0
Alchemy        | 2 4 5 6 |  6.0
Throwing       | 2 3 |  3.6

Action                     |  1- 3 |  4- 6 |  7- 9 | 10-12 | 13-15 || total
---------------------------+-------+-------+-------+-------+-------++-------
  Melee: Dagger            |    98 |   199 |   143 |   390 |  1182 ||  2012
         Bite              |    11 |    12 |     9 |    38 |   208 ||   278
         Broad axe         |       |       |       |       |    13 ||    13
  Throw: Dart              |       |       |       |     2 |       ||     2
   Cast: Ensorcelled Hiber |     5 |    27 |    35 |   139 |   239 ||   445
         Confusing Touch   |       |       |     5 |     9 |    35 ||    49
         Tukima's Dance    |       |       |     5 |     1 |    14 ||    20
         Dazzling Flash    |       |       |       |    13 |    25 ||    38
         Enfeeble          |       |       |       |       |     2 ||     2
Ability: Lunge             |       |       |    20 |    50 |   133 ||   203
         Whirlwind         |       |       |       |    15 |    29 ||    44
  Evoke: Wand              |       |       |       |     5 |     1 ||     6
    Use: Scroll            |       |    17 |     9 |    12 |     4 ||    42
         Potion            |       |       |       |       |     4 ||     4
   Stab: Sleeping          |    16 |    34 |    49 |    99 |   178 ||   376
         Distracted        |     1 |       |       |     4 |     3 ||     8
         Confused          |       |       |     2 |    10 |    27 ||    39
         Invisible         |       |       |       |    14 |    33 ||    47
 Armour: Robe              |    47 |    88 |    48 |   200 |       ||   383
         Steam dragon scal |       |       |       |    24 |   442 ||   466
         Swamp dragon scal |       |       |       |       |    39 ||    39
  Dodge: Dodged            |    42 |   100 |    65 |   221 |   621 ||  1049
  Block: Buckler           |    11 |    36 |    21 |    78 |   195 ||   341
Riposte: Dagger            |       |       |       |       |   104 ||   104
         Broad axe         |       |       |       |       |     5 ||     5

Table legend: (Time is in decaauts)
 A = Elapsed time spent in this place.
 B = Non-inter-level travel time spent in this place.
 C = Inter-level travel time spent in this place.
 D = Time resting spent in this place.
 E = Time spent auto-exploring this place.
 F = Levels seen in this place.
 G = Mean time per level.
                   A        B        C        D        E       F      G
               +--------+--------+--------+--------+--------+-----+--------+
         Total |  23719 |  21777 |   1942 |   1525 |  15640 |  26 |  912.3 |
       Dungeon |  14611 |  13280 |   1331 |    628 |  10194 |  15 |  974.1 |
        Temple |     62 |      2 |     60 |      0 |      0 |   1 |   62.0 |
          Lair |   6283 |   5905 |    378 |    332 |   4223 |   5 | 1256.6 |
         Swamp |     18 |     16 |      2 |      0 |      1 |   1 |   18.0 |
  Orcish Mines |   2074 |   1904 |    170 |    377 |   1040 |   2 | 1037.0 |
         Sewer |    402 |    402 |      0 |    127 |    123 |   1 |  402.0 |
       Volcano |    266 |    266 |      0 |     61 |     59 |   1 |  266.0 |
               +--------+--------+--------+--------+--------+-----+--------+

Top non-repeatable levels by time:
  Lair:5: 1700 daAuts
    D:15: 1644 daAuts
     D:8: 1306 daAuts
   Orc:1: 1230 daAuts
  Lair:2: 1187 daAuts
  Lair:4: 1162 daAuts
  Lair:3: 1124 daAuts
  Lair:1: 1109 daAuts
     D:1: 1073 daAuts
     D:4: 1044 daAuts
    D:13: 1039 daAuts
    D:14: 1020 daAuts
     D:2: 985 daAuts
     D:5: 985 daAuts
    D:11: 936 daAuts
